 Dungeon Crawl Stone Soup version 0.28-a0-863-g8cecda6153 (webtiles) character file.

Game seed: 10751367291880604198

42 bande the Covered (level 3, -1/24 HPs)
             Began as a Gargoyle Fighter on Nov 19, 2021.
             Slain by Sigmund (5 damage)
             ... on level 2 of the Dungeon.
             The game lasted 00:02:06 (1584 turns).

bande the Covered (Gargoyle Fighter)                Turns: 1584, Time: 00:02:07

Health: -1/24      AC: 11    Str: 20    XL:     3   Next: 56%
Magic:  3/3        EV:  9    Int:  8    God:
Gold:   55         SH:  5    Dex:  9    Spells: 2/2 levels left

rFire   . . .      SeeInvis .   a - +0 war axe
rCold   . . .      Faith    .   c - +1 buckler
rNeg    + . .      Spirit   .   b - +0 scale mail
rPois   ∞          Reflect  .   (no helmet)
rElec   +          Harm     .   h - +0 cloak
rCorr   .          Rampage  .   (no gloves)
Will    .....                   (no boots)
Stlth   ..........              (no amulet)
HPRegen 0.08/turn               (no ring)
MPRegen 0.08/turn               (no ring)

@: mighty
A: sickness immunity, AC +3, negative energy resistance 1, electricity
resistance, torment resistance 1, petrification resistance
a: no special abilities


You were on level 2 of the Dungeon.
You visited 1 branch of the dungeon, and saw 2 of its levels.

You collected 55 gold pieces.

Inventory:

Hand Weapons
 a - a +0 war axe (weapon)
Missiles
 i - a throwing net (quivered)
Armour
 b - a +0 scale mail (worn)
 c - a +1 buckler (worn)
 h - a +0 cloak (worn)
Potions
 e - a potion of brilliance
 f - a potion of mutation {unknown}


   Skills:
 + Level 3.7 Fighting
 + Level 2.2 Axes
 + Level 3.9 Armour
 + Level 3.6 Shields


You had 2 spell levels left.
You didn't know any spells.
Your spell library was empty.

Dungeon Overview and Level Annotations

Branches:
Dungeon (2/15)

Altars:

Annotations:
D:2 Sigmund


Innate Abilities, Weirdness & Mutations

You are immune to sickness and miasma.
Your stone body is resilient. (AC +3)
You are immune to poison.
You resist negative energy. (rN+)
You are resistant to electric shocks. (rElec)
You are resistant to unholy torment.
You are immune to petrification.


Message History

No target in view!
No target in view!
Sigmund the Dreaded comes into view.
He is wielding a +0 scythe.
Sigmund shouts!
Sigmund is nearby!
Sigmund hits you from afar with a +0 scythe.
There is a shaft here.
You hit Sigmund.
Sigmund is lightly wounded.
Sigmund casts a spell.
Sigmund flickers and vanishes!
Deactivating autopickup; reactivate with Ctrl-A.
Something hits you but does no damage.
No target in view!
No target in view!
No target in view!
No target in view!
No target in view!
No target in view!
You feel very mighty all of a sudden. Something completely misses you.
You hear some strange, mumbled words.
A magic dart appears from out of thin air!
The magic dart hits you.
There is a shaft here.
Something hits you but does no damage.
You hear some strange, mumbled words.
A puff of flame appears from out of thin air!
The puff of flame misses you. Something hits you.
There is a shaft here.
You hit something.
You hear some strange, mumbled words.
Something tries to affect you, but you resist.
You miss something. You block something's attack.
You barely miss something. Something hits you but does no damage.
You closely miss something. Something hits you!
* * * LOW HITPOINT WARNING * * *
You miss something. Something hits you.
You die...

###################
#............[.....
##.################
#@# ### #.....
#>.{.....# #.###|
.......##..####.#.#.
#........+ ...#.....#.
#........# #..#.#.#.#.
#........# #..#.#.#.##
#........# #.#<#.#...
#........####..##.####
...............


There were no monsters in sight!

Vanquished Creatures
  Terence (D:2)
  A worm (D:2)
  An endoplasm (D:2)
  A giant cockroach (D:1)
  A quokka (D:1)
  A ball python (D:2)
  2 frilled lizards
  A goblin (D:1)
  4 kobolds
  3 rats
16 creatures vanquished.

Notes
Turn   | Place    | Note
-------+----------+-------------------------------------------
     0 | D:1      | bande the Gargoyle Fighter began the quest for the Orb.
     0 | D:1      | Reached XP level 1. HP: 14/14 MP: 1/1
   277 | D:1      | Found a faded altar of an unknown god.
   506 | D:1      | Reached XP level 2. HP: 19/19 MP: 2/2
   670 | D:2      | Noticed Terence
   678 | D:2      | Killed Terence
   679 | D:2      | Reached XP level 3. HP: 14/24 MP: 3/3
  1569 | D:2      | Noticed Sigmund
  1584 | D:2      | Slain by Sigmund

Illustrated notes

Levels and vault maps discovered:
D:1:      elethiomel_arrival_quiet, layout_rooms, ebering_ecumenical_altar_box
D:2:      layout_basic, uniq_terence, uniq_sigmund

Skill      XL: |  1  2 |
---------------+-------+-----
Axes           | 2 |  2.2
Fighting       | |  3.7
Armour         | |  3.9
Shields        | |  3.6

Action                   || total
-------------------------++-------
Melee: War axe           ||    57
  Use: Scroll            ||     5
       Potion            ||     1
Armor: Scale mail        ||    35
Dodge: Dodged            ||    30
Block: Buckler           ||    11

Table legend: (Time is in decaauts)
 A = Elapsed time spent in this place.
 B = Non-inter-level travel time spent in this place.
 C = Inter-level travel time spent in this place.
 D = Time resting spent in this place.
 E = Time spent auto-exploring this place.
 F = Levels seen in this place.
 G = Mean time per level.
                   A        B        C        D        E       F      G
               +--------+--------+--------+--------+--------+-----+--------+
         Total |   1606 |   1606 |      0 |    621 |    783 |   2 |  803.0 |
       Dungeon |   1606 |   1606 |      0 |    621 |    783 |   2 |  803.0 |
               +--------+--------+--------+--------+--------+-----+--------+

Top non-repeatable levels by time:
     D:2: 946 daAuts
     D:1: 660 daAuts
